 Dungeon Crawl Stone Soup version 0.22-a0-362-g535178c (webtiles) character file.

20 Amnesiac the Grave Robber (level 2, -2/20 HPs)
             Began as a Mummy Necromancer on Apr 20, 2018.
             Slain by an adder (4 damage)
             ... on level 1 of the Dungeon.
             The game lasted 00:01:26 (528 turns).

Amnesiac the Grave Robber (Mummy Necromancer)        Turns: 528, Time: 00:01:27

Health: -2/20      AC:  7    Str: 11    XL:     2   Next: 58%
Magic:  0/6        EV: 10    Int: 14    God:
Gold:   22         SH:  0    Dex: 12    Spells: 6/7 levels left

rFire    . . .     SeeInvis .   (no weapon)
rCold    . . .     Gourm    .   (no shield)
rNeg     + + +     Faith    .   e - +0 ring mail
rPois    ∞         Spirit   .   b - +1 helmet
rElec    .         Reflect  .   (no cloak)
rCorr    .         Harm     .   (no gloves)
MR       .....                  (no boots)
Stlth    +.........             (no amulet)
HPRegen  0.06/turn              c - ring of fire
MPRegen  0.10/turn              (no ring)

@: very slightly contaminated
A: no food or potions, fire vulnerability, cold resistance 1, negative energy
resistance 3, torment resistance, unbreathing
a: no special abilities


You were on level 1 of the Dungeon.
You were not hungry.

You visited 1 branch of the dungeon, and saw 2 of its levels.

You collected 22 gold pieces.

Inventory:

Hand Weapons
 d - a +0 hunting sling
Armour
 b - a +1 helmet (worn)
 e - a +0 ring mail (worn)
Jewellery
 c - a ring of fire (left hand)
Scrolls
 a - a scroll of enchant armour {!r}
 f - a scroll of amnesia {!r, unknown}


   Skills:
 + Level 0.8 Fighting
 * Level 2.1 Dodging
 - Level 1.5 Stealth
 - Level 3.0 Spellcasting
 + Level 4.1 Necromancy


You had 6 spell levels left.
You knew the following spells:

 Your Spells              Type           Power        Failure   Level  Hunger
a - Pain                  Necr           ##..         10%         1    N/A

Dungeon Overview and Level Annotations

Branches:
Dungeon (2/15)

Altars:


Innate Abilities, Weirdness & Mutations

You do not eat or drink.
Your flesh is vulnerable to fire.
You are immune to poison.
Your flesh is cold resistant. (rC+)
You are immune to negative energy. (rN+++)
You are immune to unholy pain and torment.
You can survive without breathing.


Message History

Casting: Pain (safe; 10% risk of failure)
Confirm with . or Enter, or press ? or * to list all spells.
You don't have enough magic to cast that spell.
Casting: Pain (safe; 10% risk of failure)
Confirm with . or Enter, or press ? or * to list all spells.
You don't have enough magic to cast that spell.
Casting: Pain (safe; 10% risk of failure)
Confirm with . or Enter, or press ? or * to list all spells.
You don't have enough magic to cast that spell.
The adder bites you but does no damage. The adder barely misses you.
There is a stone staircase leading up here.
The adder closely misses you.
You climb upwards.
There is a stone staircase leading down here.
Really read
a - 2 scrolls labeled YSAQUU SITRUKK {!r}?
As you read the scroll labeled YSAQUU SITRUKK {!r}, it crumbles to dust.
It is a scroll of enchant armour.
Your +0 helmet glows green for a moment.
The adder barely misses you.
Okay, then.
The adder closely misses you. The adder bites you.
* * * LOW HITPOINT WARNING * * *
Casting: Pain (safe; 10% risk of failure)
Confirm with . or Enter, or press ? or * to list all spells.
Aiming: Pain (safe; 10% risk of failure)
Press: ? - help, Shift-Dir - straight line, f - adder
Aim: an adder (lightly wounded, chance to defeat MR: 77%)
The adder barely resists.
The adder closely misses you.
Unknown command.
The adder closely misses you.
Casting: Pain (safe; 10% risk of failure)
Confirm with . or Enter, or press ? or * to list all spells.
Aiming: Pain (safe; 10% risk of failure)
Press: ? - help, Shift-Dir - straight line, f/p - adder
Aim: an adder (lightly wounded, chance to defeat MR: 77%)
The adder writhes in agony!
The adder bites you but does no damage.
Unknown command.
The adder bites you but does no damage. The adder bites you.
* * * LOW HITPOINT WARNING * * *
Your magical contamination has completely faded away.
You see here a giant cockroach corpse.
A goblin comes into view. It is wielding a club.
The adder barely misses you.
Casting: Pain (safe; 10% risk of failure)
Confirm with . or Enter, or press ? or * to list all spells.
Aiming: Pain (safe; 10% risk of failure)
Press: ? - help, Shift-Dir - straight line, f/p - adder
Aim: an adder (moderately wounded, chance to defeat MR: 77%)
The adder writhes in agony!
The adder misses you.
Unknown command.
The adder barely misses you. The adder bites you but does no damage.
The adder closely misses you.
Casting: Pain (safe; 10% risk of failure)
Confirm with . or Enter, or press ? or * to list all spells.
Aiming: Pain (safe; 10% risk of failure)
Press: ? - help, Shift-Dir - straight line, f/p - adder
Aim: an adder (moderately wounded, chance to defeat MR: 77%)
You miscast Pain.
You are very lightly contaminated with residual magic.
Nothing appears to happen.
The adder bites you.
You die...

####...# #.####.....≈≈≈≈.≈≈≈
#...#..#####.# ####..≈≈≈≈.≈≈≈
#.........##.# #..≈≈≈≈.≈≈≈
#...###...##.### #..≈≈≈≈.≈≈≈
#### ##.......#####.[P≈≈...≈≈
#.....#................
###..#######.......<...
#...#### #...........
......#.@S.# ##..P≈≈...≈≈
.......###.# #..≈≈≈≈(≈≈≈
#........... #.###...≈≈≈≈.≈≈≈
#........... #.#.....≈≈≈≈.≈≈≈
#......†....##.#.....≈≈≈≈.≈≈≈
#.............>...#..≈≈≈≈.≈≈≈
#............#....#
#........##.##.###
##........##.#..###..


You could see an adder.

Vanquished Creatures
  A leopard gecko (D:1)
  A ball python (D:2)
  A giant cockroach (D:1)
  3 goblins (D:1)
  3 hobgoblins (D:1)
  A kobold (D:1)
  2 bats (D:1)
  3 frilled lizards (D:1)
  2 rats (D:1)
17 creatures vanquished.

Notes
Turn   | Place    | Note
-------+----------+-------------------------------------------
     0 | D:1      | Amnesiac the Mummy Necromancer began the quest for the Orb.
     0 | D:1      | Reached XP level 1. HP: 13/13 MP: 4/4
   180 | D:1      | Reached XP level 2. HP: 20/20 MP: 1/5
   514 | D:1      | HP: 1/20 [adder (3)]
   528 | D:1      | Slain by an adder

Vault maps used:
D:1:      giann_bridges
D:2:      lemuel_doored_altar, minmay_misc_feat_tower, st_stairs_4

Skill      XL: |  1  2 |
---------------+-------+-----
Dodging        | 2 |  2.1
Spellcasting   | 3 |  3.0
Fighting       | |  0.8
Stealth        | |  1.5
Necromancy     | |  4.1

Action                   || total
-------------------------++-------
Melee: Unarmed           ||     6
 Cast: Pain              ||    37
  Use: Scroll            ||     1
Armor: Ring mail         ||     6
Dodge: Dodged            ||    20

Table legend:
 A = Spawn XP
 B = Non-spawn XP
 C = Spawn XP percentage of total XP
 D = Spawn monster count
 E = Non-spawn monster count
 F = Spawn count percentage of total count
 G = Total turns spent on level
                    A         B        C        D         E        F      G
               +---------+---------+-------+---------+---------+-------+---------
         Total |       0 |      29 |   0.0 |       0 |      17 |   0.0 |   528
               +---------+---------+-------+---------+---------+-------+---------
           D:1 |       0 |      27 |   0.0 |       0 |      16 |   0.0 |   460
           D:2 |       0 |       2 |   0.0 |       0 |       1 |   0.0 |    68
               +---------+---------+-------+---------+---------+-------+---------
